IL
OTTAWA LYNX @ PAWTUCKET RED SOX
07/28/2003
 
TOP OF THE 1ST
Ottawa Lynx batting - Pitching for Pawtucket Red Sox : RHP Pete Harnisch
Pitching: RHP Pete Harnisch
Batting: LHB Vince Faison 0-0: Ground out 4-3 (Groundball, 4, EV 101.3 MPH)
Batting: RHB Willie Bloomquist 0-0: Ball
1-0: SINGLE (Line Drive, 78M, EV 101.3 MPH)
Batting: LHB Ricardo Sevillano 0-0: Called Strike
0-1: Called Strike
0-2: Foul Ball, location: 23F
0-2: 2-RUN HOME RUN (Flyball, 7D, EV 101.9 MPH), Distance : 374 ft
Batting: LHB David Stone 0-0: Foul Ball, location: 9LMFF
0-1: Swinging Strike
0-2: Foul Ball, location: 3FF
0-2: Ball
1-2: Foul Ball, location: 2F
1-2: Ground out 5-3 (Groundball, 56, EV 83.8 MPH)
Batting: LHB Mike Jacobs 0-0: Foul Ball, location: 2F
0-1: Foul Ball, location: 7LSF
0-2: Ball
1-2: Foul Ball, location: 2F
1-2: Ground out 1-3 (Groundball, 13S, EV 66.3 MPH)
Top of the 1st over - 2 runs, 2 hits, 0 errors, 0 left on base; Ottawa 2 - Pawtucket 0
BOTTOM OF THE 1ST
Pawtucket Red Sox batting - Pitching for Ottawa Lynx : RHP Tullio Campos
Pitching: RHP Tullio Campos
Batting: LHB Terrence Long 0-0: Called Strike
0-1: Ground out 4-3 (Groundball, 4, EV 90.6 MPH)
Batting: RHB Dan Uggla 0-0: Ball
1-0: Ball
2-0: Ball
3-0: Base on Balls
Batting: RHB Matt Murton 0-0: Ball
1-0: Fielders Choice at 2nd, 1-6 (Groundball, 13, EV 71.3 MPH)
Batting: RHB Aaron Boone 0-0: Ball
Wild Pitch!
Matt Murton to second
1-0: Fly out, F9 (Flyball, 89D, EV 100.0 MPH)
Bottom of the 1st over - 0 runs, 0 hits, 0 errors, 1 left on base; Ottawa 2 - Pawtucket 0
TOP OF THE 2ND
Ottawa Lynx batting - Pitching for Pawtucket Red Sox : RHP Pete Harnisch
Batting: RHB Jason Lane 0-0: Ball
1-0: Called Strike
1-1: Ground out 4-3 (Groundball, 4, EV 83.1 MPH)
Batting: LHB Gonzalo Meza 0-0: Ball
1-0: Foul Ball, location: 7LDF
1-1: Ground out 6-3 (Groundball, P, EV 81.3 MPH)
Batting: RHB Andy Green 0-0: Ball
1-0: Foul Ball, location: 2F
1-1: Called Strike
1-2: SINGLE (Groundball, 3D, EV 100.0 MPH) (infield hit)
Batting: SHB Wayne Lydon 0-0: Called Strike
0-1: Ball
1-1: Ball
Andy Green steals 2nd base (no throw)
2-1: Ball
3-1: Foul Ball, location: 3DF
3-2: Foul Ball, location: 2F
3-2: Strikes out swinging
Top of the 2nd over - 0 runs, 1 hit, 0 errors, 1 left on base; Ottawa 2 - Pawtucket 0
BOTTOM OF THE 2ND
Pawtucket Red Sox batting - Pitching for Ottawa Lynx : RHP Tullio Campos
Batting: RHB Toby Smith 0-0: Ball
1-0: Called Strike
1-1: Ball
2-1: Called Strike
2-2: Strikes out swinging
Batting: LHB Gabe Gross 0-0: Foul Ball, location: 5F
0-1: Swinging Strike
0-2: Strikes out swinging
Batting: RHB Russ Johnson 0-0: Foul Ball, location: 3SF
0-1: Called Strike
0-2: Fly out, F9 (Flyball, 9D, EV 106.3 MPH)
Bottom of the 2nd over - 0 runs, 0 hits, 0 errors, 0 left on base; Ottawa 2 - Pawtucket 0
TOP OF THE 3RD
Ottawa Lynx batting - Pitching for Pawtucket Red Sox : RHP Pete Harnisch
Batting: LHB Vince Faison 0-0: Ball
1-0: Ball
2-0: Called Strike
2-1: Ball
3-1: Ground out 5-3 (Groundball, 56, EV 81.9 MPH)
Batting: RHB Willie Bloomquist 0-0: Ground out 2-3 (Groundball, 15S, EV 65.6 MPH)
Batting: LHB Ricardo Sevillano 0-0: Ball
1-0: Foul Ball, location: 7LMF
1-1: Fly out, F8 (Flyball, 8LXD, EV 105.0 MPH)
Top of the 3rd over - 0 runs, 0 hits, 0 errors, 0 left on base; Ottawa 2 - Pawtucket 0
BOTTOM OF THE 3RD
Pawtucket Red Sox batting - Pitching for Ottawa Lynx : RHP Tullio Campos
Batting: RHB Corky Miller 0-0: Foul Ball, location: 9LMF
0-1: Fly out, F8 (Flyball, 8LD, EV 106.3 MPH)
Batting: RHB Abel Martinez 0-0: Ball
1-0: Ball
2-0: Ball
3-0: Foul Ball, location: 2F
3-1: Foul Ball, location: 2F
3-2: Foul Ball, location: 2F
3-2: Strikes out swinging
Batting: LHB Terrence Long 0-0: Fly out, F7 (Line Drive, 7S, EV 93.8 MPH)
Bottom of the 3rd over - 0 runs, 0 hits, 0 errors, 0 left on base; Ottawa 2 - Pawtucket 0
TOP OF THE 4TH
Ottawa Lynx batting - Pitching for Pawtucket Red Sox : RHP Pete Harnisch
Batting: LHB David Stone 0-0: Foul Ball, location: 5F
0-1: Ball
1-1: SINGLE (Groundball, 6MD, EV 95.6 MPH)
Batting: LHB Mike Jacobs 0-0: Foul Ball, location: 2F
0-1: Called Strike
0-2: Foul Ball, location: 2F
0-2: Fly out, F7 (Flyball, 78M, EV 78.8 MPH)
Batting: RHB Jason Lane 0-0: Foul Ball, location: 25F
0-1: Foul Ball, location: 2F
0-2: Ball
1-2: Fly out, F8 (Flyball, 8LD, EV 100.0 MPH)
Batting: LHB Gonzalo Meza 0-0: Ball
1-0: 2-RUN HOME RUN (Flyball, 7D, EV 98.1 MPH), Distance : 370 ft
Batting: RHB Andy Green 0-0: Ball
1-0: Called Strike
1-1: Foul Ball, location: 25F
1-2: Strikes out looking
Top of the 4th over - 2 runs, 2 hits, 0 errors, 0 left on base; Ottawa 4 - Pawtucket 0
BOTTOM OF THE 4TH
Pawtucket Red Sox batting - Pitching for Ottawa Lynx : RHP Tullio Campos
Batting: RHB Dan Uggla 0-0: Foul Ball, location: 25F
0-1: Ball
1-1: Foul Ball, location: 2F
1-2: DOUBLE (Line Drive, 78D, EV 106.3 MPH)
Batting: RHB Matt Murton 0-0: Foul Ball, location: 2F
0-1: SINGLE (Line Drive, 78S, EV 91.9 MPH)
Dan Uggla to third
Batting: RHB Aaron Boone 0-0: Ball
1-0: Called Strike
1-1: Called Strike
1-2: Foul Ball, location: 9LDF
1-2: Grounds into double play, 6-4-3 (Groundball, 6S, EV 79.4 MPH)
Dan Uggla scores
Batting: RHB Toby Smith 0-0: Called Strike
0-1: Ball
1-1: Ball
2-1: Called Strike
2-2: Fly out, F8 (Flyball, 78D, EV 104.4 MPH)
Bottom of the 4th over - 1 run, 2 hits, 0 errors, 0 left on base; Ottawa 4 - Pawtucket 1
TOP OF THE 5TH
Ottawa Lynx batting - Pitching for Pawtucket Red Sox : RHP Pete Harnisch
Batting: SHB Wayne Lydon 0-0: Ball
1-0: Called Strike
1-1: Ball
2-1: Ball
3-1: Called Strike
3-2: Foul Ball, location: 5SF
3-2: Strikes out swinging, 2-3 out at first.
Batting: LHB Vince Faison 0-0: Ball
1-0: Foul Ball, location: 25FF
1-1: Ball
2-1: Ball
3-1: Called Strike
3-2: Fly out, F7 (Flyball, 78S, EV 92.5 MPH)
Batting: RHB Willie Bloomquist 0-0: Foul Ball, location: 7LSF
0-1: Fly out, F9 (Flyball, 9, EV 100.0 MPH)
Top of the 5th over - 0 runs, 0 hits, 0 errors, 0 left on base; Ottawa 4 - Pawtucket 1
BOTTOM OF THE 5TH
Pawtucket Red Sox batting - Pitching for Ottawa Lynx : RHP Tullio Campos
Batting: LHB Gabe Gross 0-0: Swinging Strike
0-1: Ball
1-1: Ball
2-1: Ball
3-1: Base on Balls
Batting: RHB Russ Johnson 0-0: Swinging Strike
Gabe Gross steals 2nd base
0-1: Called Strike
0-2: Ball
1-2: Foul Ball, location: 9LSF
1-2: Ball
2-2: Foul Ball, location: 2LF
2-2: SINGLE (Line Drive, 56D, EV 104.4 MPH)
Gabe Gross to third
Batting: RHB Corky Miller 0-0: Called Strike
0-1: Ball
1-1: DOUBLE (Flyball, 9LD, EV 113.1 MPH)
Gabe Gross scores
Russ Johnson to third
Batting: RHB Abel Martinez 0-0: Ball
1-0: Called Strike
1-1: Fly out, F9 (Flyball, 9D, EV 99.4 MPH)
Runner from 3rd tags up, SCORES, no throw by RF
Batting: LHB Terrence Long 0-0: DOUBLE (Line Drive, 89M, EV 97.5 MPH)
Corky Miller scores
Batting: RHB Dan Uggla 0-0: Ball
1-0: Swinging Strike
1-1: Foul Ball, location: 2F
1-2: Ball
2-2: Ball
3-2: 2-RUN HOME RUN (Flyball, 8LXD, EV 107.5 MPH), Distance : 410 ft
Pitching: LHP Woo-jin Kim
Batting: RHB Matt Murton 0-0: Ball
1-0: Called Strike
1-1: Foul Ball, location: 3SF
1-2: Ball
2-2: Ball
3-2: Base on Balls
Batting: RHB Aaron Boone 0-0: TRIPLE (Line Drive, 78XD, EV 103.8 MPH)
Matt Murton scores
Batting: RHB Toby Smith 0-0: Ball
1-0: Called Strike
1-1: Called Strike
1-2: Foul Ball, location: 7LMF
1-2: Ball
2-2: Foul Ball, location: 2F
2-2: Strikes out swinging
Batting: LHB Gabe Gross 0-0: Called Strike
0-1: Ball
1-1: Foul Ball, location: 25FF
1-2: Ball
2-2: Foul Ball, location: 5F
2-2: Strikes out swinging
Bottom of the 5th over - 6 runs, 5 hits, 0 errors, 1 left on base; Ottawa 4 - Pawtucket 7
TOP OF THE 6TH
Ottawa Lynx batting - Pitching for Pawtucket Red Sox : RHP Pete Harnisch
Batting: LHB Ricardo Sevillano 0-0: Called Strike
0-1: Ball
1-1: SINGLE (Line Drive, 34D, EV 105.0 MPH)
Batting: LHB David Stone 0-0: Foul Ball, location: 7LSF
0-1: Foul Ball, location: 2F
0-2: Ball
1-2: Ball
2-2: Fly out, F7 (Line Drive, 78M, EV 106.3 MPH)
Batting: LHB Mike Jacobs 0-0: Ball
Wild Pitch!
Ricardo Sevillano to second
1-0: Ball
2-0: Fly out, F5 (Line Drive, 5, EV 69.4 MPH)
Batting: RHB Jason Lane 0-0: Ball
1-0: Ball
2-0: Called Strike
2-1: Called Strike
2-2: Strikes out swinging
Top of the 6th over - 0 runs, 1 hit, 0 errors, 1 left on base; Ottawa 4 - Pawtucket 7
BOTTOM OF THE 6TH
Pawtucket Red Sox batting - Pitching for Ottawa Lynx : LHP Woo-jin Kim
Batting: RHB Russ Johnson 0-0: Foul Ball, location: 2F
0-1: Foul Ball, location: 3FF
0-2: Strikes out swinging
Batting: RHB Corky Miller 0-0: Ball
1-0: Called Strike
1-1: Fly out, F8 (Flyball, 8RS, EV 83.8 MPH)
Batting: RHB Abel Martinez 0-0: Ball
1-0: Called Strike
1-1: Ball
2-1: Ball
3-1: Fly out, F9 (Flyball, 89S, EV 90.0 MPH)
Bottom of the 6th over - 0 runs, 0 hits, 0 errors, 0 left on base; Ottawa 4 - Pawtucket 7
TOP OF THE 7TH
Ottawa Lynx batting - Pitching for Pawtucket Red Sox : RHP Pete Harnisch
Batting: LHB Gonzalo Meza 0-0: Called Strike
0-1: Ball
1-1: Ground out 6-3 (Groundball, 6, EV 89.4 MPH)
Batting: RHB Andy Green 0-0: SINGLE (Flyball, 34D, EV 93.8 MPH)
Batting: SHB Wayne Lydon 0-0: Ball
1-0: Called Strike
Andy Green steals 2nd base (no throw)
1-1: Foul Ball, location: 23FF
1-2: Fly out, F8 (Flyball, 8LXD, EV 87.5 MPH)
Runner from 2nd tags up, SAFE at 3rd, no throw by CF
Batting: LHB Vince Faison 0-0: 2-RUN HOME RUN (Flyball, 78XD, EV 111.3 MPH), Distance : 414 ft
Pitching: RHP Mike Crudale
Batting: RHB Willie Bloomquist 0-0: Called Strike
0-1: Ball
1-1: Called Strike
1-2: Ground out 6-3 (Groundball, 6, EV 104.4 MPH)
Top of the 7th over - 2 runs, 2 hits, 0 errors, 0 left on base; Ottawa 6 - Pawtucket 7
BOTTOM OF THE 7TH
Pawtucket Red Sox batting - Pitching for Ottawa Lynx : LHP Woo-jin Kim
Pitching: RHP Michael Gray
Batting: LHB Terrence Long 0-0: Fly out, F8 (Flyball, 8RM, EV 90.6 MPH)
Batting: RHB Dan Uggla 0-0: Ball
1-0: Called Strike
1-1: SINGLE (Line Drive, 6M, EV 98.1 MPH)
Batting: RHB Matt Murton 0-0: Foul Ball, location: 3SF
0-1: Fielders Choice at 2nd, 6-4 (Groundball, 6, EV 81.3 MPH)
Batting: RHB Aaron Boone 0-0: Fly out, F9 (Flyball, 9S, EV 89.4 MPH)
Bottom of the 7th over - 0 runs, 1 hit, 0 errors, 1 left on base; Ottawa 6 - Pawtucket 7
TOP OF THE 8TH
Ottawa Lynx batting - Pitching for Pawtucket Red Sox : RHP Mike Crudale
Batting: LHB Ricardo Sevillano 0-0: Called Strike
0-1: Foul Ball, location: 9LDF
0-2: Ball
1-2: Ball
2-2: Ball
3-2: SINGLE (Groundball, 34D, EV 107.5 MPH)
Batting: LHB David Stone 0-0: Called Strike
0-1: Fly out, F5 (Popup, 56, EV 75.6 MPH)
Batting: LHB Mike Jacobs 0-0: Ball
1-0: Swinging Strike
1-1: Called Strike
1-2: Strikes out swinging
Batting: RHB Jason Lane 0-0: Called Strike
0-1: Foul Ball, location: 3DF
0-2: Fielders Choice at 2nd, 6-4 (Groundball, 56, EV 85.6 MPH)
Top of the 8th over - 0 runs, 1 hit, 0 errors, 1 left on base; Ottawa 6 - Pawtucket 7
BOTTOM OF THE 8TH
Pawtucket Red Sox batting - Pitching for Ottawa Lynx : RHP Michael Gray
Batting: LHB Melvin Sanchez 0-0: Called Strike
0-1: Swinging Strike
0-2: SINGLE (Groundball, 4MD, EV 105.6 MPH)
Batting: LHB Gabe Gross 0-0: Foul Ball, location: 25FF
0-1: Swinging Strike
0-2: Ball
1-2: Strikes out swinging
Batting: RHB Russ Johnson 0-0: Ball
1-0: Called Strike
1-1: Ball
2-1: TRIPLE (Groundball, 5L, EV 110.6 MPH)
Melvin Sanchez scores
Batting: RHB Corky Miller 0-0: Ball
1-0: Called Strike
1-1: Ball
2-1: Called Strike
2-2: Ball
3-2: Ground out U3 (Groundball, 23, EV 85.6 MPH)
Russ Johnson scores
Batting: RHB Abel Martinez 0-0: Called Strike
0-1: Ball
1-1: Ball
2-1: Ball
3-1: Ground out 5-3 (Groundball, 56, EV 86.3 MPH)
Bottom of the 8th over - 2 runs, 2 hits, 0 errors, 0 left on base; Ottawa 6 - Pawtucket 9
TOP OF THE 9TH
Ottawa Lynx batting - Pitching for Pawtucket Red Sox : RHP Mike Crudale
Batting: LHB Gonzalo Meza 0-0: Foul Ball, location: 5F
0-1: Ball
1-1: Ball
2-1: Swinging Strike
2-2: Ball
3-2: Strikes out looking
Batting: RHB Andy Green 0-0: Ball
1-0: Ball
2-0: Foul Ball, location: 2F
2-1: Ball
3-1: Base on Balls
Pitching: RHP Adrian Manzano
Batting: SHB Wayne Lydon 0-0: Ball
1-0: Ball
2-0: Foul Ball, location: 5DF
2-1: Called Strike
2-2: Foul Ball, location: 7LSF
2-2: Grounds out, U3 (Groundball, 3L, EV 83.1 MPH)
Batting: LHB Vince Faison 0-0: Called Strike
0-1: Ground out 5-3 (Groundball, 56S, EV 83.8 MPH)
Top of the 9th over - 0 runs, 0 hits, 0 errors, 1 left on base; Ottawa 6 - Pawtucket 9
Monday, September 23rd , 2024 - OOTP Baseball 25.8 Build 85